Map: Chantier naval orbital

Players

ZagerTSRrush

  • Race: Protoss Protoss
  • League: Diamond

Worming - Winner!

  • Race: Zerg Zerg
  • League: Diamond

VOD

Have the link to the VOD?

Description

Time

  • Played on: Nov. 27, 2015, 1:56 p.m.
  • Length: 18:28
Show
View Real Time Build Order
Export as new Build Order

ZagerTSRrush Protoss 

Build Orders:  

Get SALT Encoding   

  12  0:02  Probe (Chrono Boost)  
  13  0:12  Probe (Chrono Boost)  
  14  0:18  Pylon  
  14  0:23  Probe (Chrono Boost)  
  15  0:36  Probe (Chrono Boost)  
  15  0:38  Gateway  
  16  0:45  Assimilator  
  16  0:48  Probe (Chrono Boost)  
  17  0:58  Probe (Chrono Boost)  
  17  1:03  Pylon  
  18  1:09  Probe (Chrono Boost)  
  19  1:19  Probe (Chrono Boost)  
  20  1:27  Cybernetics Core  
  20  1:30  Probe (Chrono Boost)  
  21  1:42  Probe (Chrono Boost)  
  22  1:53  Nexus  
  22  2:03  Adept  
  22  2:06  Mothership Core (Chrono Boost)  
  26  2:14  Warp Gate  
  26  2:19  Pylon  
  26  2:33  Stalker  
  28  2:50  Nexus  
  28  2:58  Probe (Chrono Boost)  
  29  3:05  Probe (Chrono Boost), Pylon  
  30  3:09  Probe (Chrono Boost)  
  31  3:16  Probe (Chrono Boost)  
  31  3:19  Probe (Chrono Boost)  
  33  3:22  Assimilator  
  33  3:25  Sentry  
  33  3:27  Probe (Chrono Boost)  
  36  3:30  Probe (Chrono Boost)  
  37  3:34  Pylon  
  37  3:37  Probe (Chrono Boost)  
  37  3:40  Probe (Chrono Boost)  
  37  3:41  Pylon  
  39  3:48  Probe (Chrono Boost)  
  40  3:51  Probe (Chrono Boost)  
  43  3:58  Probe (Chrono Boost)  
  43  3:59  Pylon  
  43  4:01  Probe (Chrono Boost)  
  43  4:02  Probe (Chrono Boost)  
  46  4:08  Pylon  
  46  4:09  Probe (Chrono Boost)  
  47  4:13  Probe x2 (Chrono Boost)  
  47  4:19  Probe (Chrono Boost)  
  47  4:20  Sentry  
  47  4:22  Gateway  
  47  4:23  Gateway  
  50  4:26  Probe (Chrono Boost)  
  50  4:28  Probe (Chrono Boost)  
  53  4:31  Probe (Chrono Boost)  
  53  4:37  Probe (Chrono Boost)  
  54  4:39  Gateway  
  54  4:42  Pylon  
  54  4:47  Probe x2 (Chrono Boost)  
  54  4:48  Gateway  
  54  4:50  Probe (Chrono Boost)  
  57  4:54  Assimilator  
  57  4:57  Gateway, Probe (Chrono Boost)  
  58  5:07  Gateway  
  58  5:08  Pylon  
  58  5:12  Pylon  
  58  5:21  Stalker  
  58  5:24  Pylon  
  58  5:26  Pylon  
  60  5:30  Gateway  
  60  5:36  Stalker x2  
  60  5:40  Pylon  
  64  5:48  Stalker  
  64  6:02  Stalker x3  
  64  6:03  Stalker x2  
  68  6:10  Assimilator  
  68  6:11  Mothership Core (Chrono Boost)  
  68  6:13  Stalker x2  
  64  6:26  Adept x2  
  64  6:27  Adept x3  
  70  6:34  Probe x3 (Chrono Boost)  
  70  6:38  Twilight Council  
  70  6:39  Adept x2  
  77  6:45  Probe x3 (Chrono Boost)  
  80  6:52  Pylon  
  80  6:53  Pylon  
  80  6:55  Probe x2 (Chrono Boost)  
  80  6:56  Probe (Chrono Boost), Adept  
  80  6:58  Adept  
  87  7:01  Sentry  
  87  7:06  Probe x3 (Chrono Boost), Adept  
  87  7:07  Adept  
  96  7:11  Adept  
  96  7:14  Adept  
  100  7:16  Probe (Chrono Boost)  
  100  7:19  Stalker  
  103  7:29  Probe x3 (Chrono Boost)  
  106  7:31  Assimilator  
  106  7:36  Assimilator  
  106  7:37  Blink (Chrono Boost)  
  106  7:40  Probe (Chrono Boost)  
  107  7:44  Nexus  
  107  7:47  Pylon  
  107  7:56  Robotics Facility  
  107  7:59  Robotics Facility  
  107  8:14  Pylon  
  107  8:16  Pylon  
  107  8:19  Sentry x2  
  111  8:30  Pylon  
  111  8:32  Pylon  
  111  8:34  Pylon  
  111  8:37  Pylon  
  111  8:40  Pylon  
  111  8:42  Pylon  
  111  8:44  Robotics Bay  
  111  8:59  Nexus  
  111  9:00  Pylon  
  111  9:01  Adept x3, Zealot x3  
  123  9:03  Stalker  
  125  9:12  Pylon x2  
  125  9:28  Probe  
  125  9:29  Pylon  
  125  9:30  Probe  
  127  9:32  Pylon, Disruptor x2  
  127  9:33  Charge (Chrono Boost)  
  127  10:05  Pylon  
  126  10:08  Observer (Chrono Boost)  
  126  10:10  Disruptor (Chrono Boost)  
  126  10:11  Probe  
  131  10:21  Probe  
  131  10:27  Disruptor (Chrono Boost)  
  133  10:32  Probe  
  136  10:42  Probe, Disruptor (Chrono Boost)  
  137  10:53  Probe  
  138  10:58  Disruptor (Chrono Boost)  
  138  10:59  Stalker x6  
  138  11:00  Stalker  
  138  11:04  Probe  
  156  11:11  Nexus  
  156  11:14  Probe, Pylon  
  156  11:25  Probe, Disruptor (Chrono Boost)  
  157  11:26  Stalker x2  
  157  11:27  Stalker x5  
  157  11:29  Observer (Chrono Boost)  
  173  11:35  Probe  
  174  11:40  Nexus  
  174  11:46  Probe  
  169  11:56  Probe  
  169  12:00  Stalker x4  
  150  12:07  Probe  
  127  12:19  Stalker x2  
  127  12:20  Stalker  
  107  12:33  Disruptor x2 (Chrono Boost)  
  110  12:43  Pylon  
  110  12:44  Pylon  
  110  12:45  Stalker x3  
  110  12:46  Pylon, Stalker x4  
  123  12:55  Mothership Core, Probe  
  126  12:59  Assimilator  
  126  13:02  Probe  
  126  13:04  Assimilator, Disruptor x2 (Chrono Boost)  
  126  13:05  Probe  
  133  13:07  Nexus  
  133  13:09  Pylon  
  133  13:12  Pylon  
  131  13:14  Stalker x2  
  131  13:15  Zealot x2, Stalker x2  
  118  13:29  Stalker  
  120  13:35  Disruptor x2 (Chrono Boost)  
  120  13:36  Probe x2  
  120  13:37  Probe x2  
  130  13:46  Probe  
  129  13:49  Probe  
  130  13:59  Probe x2, Stalker x7  
  130  14:00  Probe  
  147  14:03  Assimilator  
  147  14:09  Assimilator  
  126  14:22  Stalker x4  
  126  14:23  Stalker x2  
  134  14:52  Probe  
  134  14:54  Probe x2  
  137  15:05  Disruptor x2 (Chrono Boost)  
  143  15:07  Nexus, Sentry  
  143  15:09  Mothership Core  
  143  15:11  Pylon  
  112  15:40  Disruptor x2 (Chrono Boost)  
  82  15:58  Probe  
  82  15:59  Probe  
  82  16:00  Probe x2  
  85  16:09  Probe  
  85  16:11  Disruptor x2 (Chrono Boost)  
  92  16:12  Probe  
  92  16:14  Probe  
  92  16:15  Probe  
  95  16:19  Probe  
  95  16:20  Pylon  
  95  16:22  Pylon  
  95  16:24  Probe  
  97  16:32  Nexus  
  96  16:43  Stalker x3  
  102  16:53  Templar Archives  
  102  17:00  Pylon  
  84  17:18  Stalker x3  
  84  17:19  Stalker  
  84  17:20  Assimilator  
  84  17:22  Stalker  
  85  17:37  Stalker x2  
  84  17:46  Mothership Core  
  72  18:02  Stalker  
  72  18:03  Stalker x6  
Show
View Real Time Build Order
Export as new Build Order

Worming Zerg - Winner!

Build Orders: Hatch First, Lurkers 

Get SALT Encoding   

  12  0:01  Drone  
  13  0:07  Drone  
  14  0:20  Drone, Extractor  
  14  0:21  Drone, Extractor  
  16  0:41  Hatchery  
  15  0:56  Spawning Pool  
  14  1:01  Extractor  
  14  1:02  Drone  
  15  1:07  Overlord  
  15  1:22  Extractor  
  14  1:27  Drone x3  
  17  1:42  Queen  
  17  1:44  Zergling x2  
  20  1:50  Zergling x2  
  20  1:53  Queen  
  24  1:54  Drone  
  24  2:01  Overlord  
  24  2:04  Drone  
  25  2:12  Drone  
  26  2:20  Queen  
  28  2:26  Metabolic Boost  
  28  2:32  Drone x2  
  29  2:55  Drone x7  
  35  3:05  Roach Warren, Extractor  
  35  3:07  Overlord  
  35  3:09  Overlord  
  33  3:26  Drone x3  
  36  3:28  Drone x5  
  41  3:38  Overlord  
  41  3:41  Overlord  
  41  3:45  Roach  
  41  3:47  Zergling x2  
  44  3:57  Roach x4  
  52  4:04  Roach  
  52  4:05  Overlord  
  54  4:15  Drone  
  54  4:16  Drone  
  56  4:19  Ravager  
  56  4:20  Ravager  
  56  4:22  Hatchery  
  57  4:32  Ravager  
  57  4:37  Drone x7  
  65  4:39  Extractor  
  65  4:44  Ravager  
  65  4:45  Overlord  
  65  4:46  Zergling x6  
  68  5:11  Extractor  
  66  5:25  Drone  
  66  5:26  Drone x2, Overlord x2  
  66  5:27  Lair  
  69  5:32  Zergling x2, Evolution Chamber  
  69  5:33  Zergling x8  
  69  5:34  Evolution Chamber  
  72  5:40  Overlord x2  
  71  5:51  Drone x2  
  71  5:52  Drone x5  
  74  6:10  Drone x6  
  80  6:12  Zerg Missile Weapons Level 1, Zerg Ground Armor Level 1  
  61  6:33  Roach x2  
  61  6:34  Roach x4  
  73  6:42  Spine Crawler  
  73  6:43  Glial Reconstitution  
  73  6:45  Spine Crawler  
  73  6:46  Roach x6, Hydralisk Den  
  82  6:52  Drone x2  
  84  6:56  Queen x2  
  84  7:00  Overlord x2  
  88  7:08  Overlord  
  88  7:09  Roach x3  
  94  7:18  Hydralisk x4  
  102  7:31  Drone, Extractor  
  102  7:32  Drone, Extractor  
  102  7:34  Drone x2  
  102  7:35  Drone  
  105  7:38  Lurker Den  
  105  7:39  Hydralisk x2  
  105  7:44  Queen  
  109  7:47  Zergling x16  
  109  7:48  Zergling x4  
  121  8:04  Ravager  
  120  8:06  Ravager x3  
  120  8:07  Ravager x2  
  120  8:08  Ravager  
  120  8:09  Zergling x8  
  130  8:15  Zerg Missile Weapons Level 2, Overlord x3  
  130  8:31  Overlord  
  130  8:32  Overlord  
  130  8:33  Drone x10  
  140  8:43  Drone x5  
  140  8:47  Burrow  
  145  8:49  Hatchery  
  145  8:54  Zergling x2  
  145  8:55  Zergling x2  
  146  8:57  Hydralisk  
  146  9:01  Overlord x3  
  147  9:10  Lurker  
  147  9:11  Lurker x5  
  147  9:12  Hydralisk x3  
  147  9:13  Zergling x6  
  147  9:16  Overseer  
  162  9:21  Pneumatized Carapace  
  162  9:22  Zergling x4  
  156  9:51  Zergling x10, Roach x6  
  168  10:08  Roach x11  
  168  10:11  Ravager x5  
  168  10:12  Zergling x2  
  196  10:19  Spine Crawler  
  196  10:20  Spine Crawler  
  190  10:39  Hydralisk  
  190  10:40  Hydralisk x3  
  198  10:43  Zergling x2  
  198  10:47  Spire  
  198  10:49  Infestation Pit  
  197  10:53  Zergling x4  
  199  11:12  Hatchery  
  197  11:32  Zergling x2  
  197  11:37  Hive  
  144  12:11  Roach, Hydralisk  
  144  12:12  Roach x10, Hydralisk x11  
  144  12:13  Zergling x18  
  158  12:27  Extractor  
  149  12:30  Extractor  
  136  12:38  Roach  
  136  12:39  Roach x7  
  149  12:50  Zergling x6, Roach x3  
  149  12:51  Zergling x6, Roach x4  
  168  12:52  Roach x6  
  168  12:54  Lurker  
  168  12:55  Lurker x4  
  168  12:57  Zergling x2  
  186  13:01  Drone  
  186  13:02  Drone  
  188  13:07  Drone x2  
  188  13:09  Extractor x2  
  162  13:35  Zergling x22  
  162  13:36  Roach x8  
  162  13:39  Greater Spire  
  162  13:40  Zerg Ground Armor Level 2  
  162  13:41  Zerg Missile Weapons Level 3  
  189  13:49  Drone  
  189  13:54  Overlord x2  
  190  13:58  Spine Crawler  
  189  14:14  Lurker x2  
  189  14:15  Lurker x2  
  187  14:28  Drone x4  
  191  14:34  Spine Crawler  
  191  14:35  Ultralisk Cavern  
  177  14:47  Overseer  
  177  14:49  Zergling x14, Roach  
  177  14:50  Roach x7  
  200  14:53  Zerg Flyer Weapons Level 1  
  137  15:52  Hydralisk  
  137  15:53  Hydralisk x2  
  137  15:54  Roach x3, Hydralisk x5  
  137  15:55  Roach x5, Hydralisk x2  
  137  15:56  Roach  
  141  16:01  Muscular Augments  
  137  16:16  Chitinous Plating  
  137  16:18  Overlord x2  
  134  16:19  Zergling x26, Hatchery  
  146  16:28  Spine Crawler  
  125  16:43  Lurker x2  
  125  16:44  Lurker  
  128  16:47  Ultralisk x3  
  128  16:48  Ultralisk x2  
  128  16:50  Roach x6  
  149  17:22  Ultralisk x3  
  165  17:23  Zergling x2  
  165  17:24  Roach x4  
  146  18:08  Roach  
  146  18:09  Roach x7  
Tags
 
Add a new tag
Caveats
  • Supply blocks, unpowered buildings, or Contaminate may cause inaccurate times.
  • Supply counts are checked every 10 seconds.